 Dungeon Crawl Stone Soup version 0.30-a0-122-g2a1322497e (webtiles) character file.

Game seed: 17455942972611345460

2715 ragingrage the Spear-Bearer (level 9, 0/44 HPs)
             Began as a Demonspawn Chaos Knight on Sept 15, 2022.
             Was an Initiate of Gozag.
             Engulfed by a steam dragon's steam (1 damage)
             ... on level 8 of the Dungeon.
             The game lasted 00:08:13 (8369 turns).

ragingrage the Spear-Bearer (DsCK)                  Turns: 8369, Time: 00:08:13

Health: 0/44       AC: 10    Str: 16 (17) XL:     9   Next: 39%
Magic:  15/18      EV: 11    Int: 13 (14) God:    Gozag
Gold:   519        SH:  0    Dex: 11 (12) Spells: 8/8 levels left

rFire   . . .      SeeInvis .    a - +0 spear (chaos)
rCold   . . .      Faith    .    (no shield)
rNeg    . . .      Spirit   .    b - +2 leather armour
rPois   .          Reflect  .    (no helmet)
rElec   .          Harm     .    (cloak unavailable)
rCorr   .          Rampage  .    f - +0 pair of gloves {infuse}
Will    .....      Rnd*Tele +    (no boots)
Stlth   +.........               (no amulet)
HPRegen 0.14/turn                x - ring of magical power
MPRegen 0.16/turn                (no ring)

@: gold aura, sanguine armoured, slowed, unable to drink, very slow
A: powered by death 1, spiny 2, sanguine armour 1, weakness stinger 3, deformed
body, deterioration 1, frail 3, screaming 1, teleportitis 1, inability to drink
after injury 2
a: Renounce Religion, Potion Petition, Call Merchant, Bribe Branch


You were on level 8 of the Dungeon.
You worshipped Gozag.
Gozag was pleased with you.
You visited 2 branches of the dungeon, and saw 9 of its levels.

You collected 581 gold pieces.
You paid 62 gold pieces to Gozag.

Inventory:

Hand Weapons
 a - a +0 spear of chaos (weapon)
 t - a +5 vorpal dire flail
 A - the +7 long sword of Xymem {elec, Int+2 Dex+2}
   (You found it on level 7 of the Dungeon)

   It occasionally discharges a powerful burst of electricity upon striking a
   foe.
   Int:       It affects your intelligence (+2).
   Dex:       It affects your dexterity (+2).
Missiles
 e - 23 poisoned darts (quivered)
 n - 3 boomerangs
Armour
 b - a +2 leather armour (worn)
 f - a +0 pair of gloves of infusion (worn)
Jewellery
 d - a ring of ice
 w - a ring of flight
 x - a ring of magical power (left hand)
 E - the amulet "Fuquwuh" {Spirit rPois rF++ Stlth-}
   (You found it on level 7 of the Dungeon)

   [amulet of guardian spirit]

   It causes incoming damage to be divided between your reserves of health and
   magic.
   rF:        It greatly protects you from fire.
   rPois:     It protects you from poison.
   Stlth:     It makes you less stealthy.
Wands
 r - a wand of iceblast (6)
 s - a wand of flame (23)
 D - a wand of polymorph (11)
Scrolls
 g - 3 scrolls of immolation
 h - a scroll of enchant weapon {unknown}
 i - a scroll of blinking {unknown}
 l - 3 scrolls of teleportation
 m - a scroll of acquirement {unknown}
 q - a scroll of poison {unknown}
 u - a scroll of identify
 y - a scroll of vulnerability {unknown}
 B - 2 scrolls of butterflies {unknown}
 F - a scroll of fear {unknown}
 G - a scroll of enchant armour {unknown}
Potions
 j - 2 potions of flight
 k - a potion of haste {unknown}
 o - 3 potions of curing
 p - 3 potions of mutation {unknown}
 v - a potion of cancellation {unknown}
 z - 2 potions of degeneration {unknown}
 C - 2 potions of lignification {unknown}
Miscellaneous
 c - a piece from Xom's chessboard (10/15)


   Skills:
 - Level 3.0 Fighting
 + Level 12.1 Polearms
 - Level 1.7 Armour
 - Level 0.8 Dodging


You had 8 spell levels left.
You didn't know any spells.
Your spell library contained the following spells:

 Spells                   Type           Power      Damage    Failure   Level
 Magic Dart               Conj           0%         1d3       36%         1
 Shock                    Conj/Air       0%         1d3       36%         1
 Searing Ray              Conj           0%         2d4       50%         2
 Gell's Gravitas          Tloc           0%         N/A       75%         3
 Lesser Beckoning         Tloc           0%         N/A       75%         3
 Ozocubu's Armour         Ice            0%         N/A       75%         3
 Swiftness                Air            0%         N/A       75%         3
 Teleport Other           Tloc           0%         N/A       75%         3
 Airstrike                Air            0%         2d(0-16)  98%         4
 Fulminant Prism          Conj/Hex       0%         3d6       98%         4
 Ozocubu's Refrigeration  Ice            0%         4d7       100%        7


Dungeon Overview and Level Annotations

Branches:
Dungeon (8/15)             Temple (1/1) D:4
   Lair: D:8-11

Altars:
Ashenzari
Cheibriados
Dithmenos
Fedhas
Gozag
Hepliaklqana
Kikubaaqudgha
Makhleb
Qazlal
Ru
Sif Muna
Trog
Vehumet
Wu Jian
Xom
Yredelemnul

Shops:
D:1 [

Portals:
Abyss: D:7

Annotations:
D:2 1 runed translucent door, Crazy Yiuf
D:7 2 transporters, SirDiesAlot's ghost, novice OgGl


Innate Abilities, Weirdness & Mutations

You regenerate a little health from kills.
You are mostly covered in sharp spines.
When seriously injured, your blood forms armour. (AC +6)
You have a sharp stinger which inflicts weakening toxins.
Armour fits poorly on your strangely shaped body.
Your body sometimes deteriorates upon taking damage.
You are extremely frail. (-30% HP)
You occasionally shout uncontrollably at your foes.
You are occasionally teleported next to monsters.
You sometimes lose the ability to drink potions when taking damage.


Message History

You closely miss the wyvern.
Your tail-slap misses the wyvern.
The wyvern is almost dead.
You kill the wyvern!
The steam dragon breathes steam at you. The ball of steam misses you.
You feel your strength returning.
Your Polearms skill increases to level 12!
You're too confused to move!
You are engulfed in a cloud of scalding steam.
Your body deteriorates!
You feel dopey.
Your blood congeals into armour.
You're too confused to move!
You bump into the rock wall.
Your blood armour dries and flakes away.
You barely miss the steam dragon.
You feel less confused. The steam dragon breathes steam at you.
The ball of steam hits you!
You feel threatened and lose the ability to drink potions!
Your blood congeals into armour.
You hit the steam dragon.
The steam dragon is lightly wounded.
You are engulfed in a cloud of scalding steam.
* * * LOW HITPOINT WARNING * * *
The steam dragon barely misses you.
The steam dragon claws you but does no damage.
You cannot drink potions in your current state!
You barely miss the steam dragon.
The steam dragon is lightly wounded.
You are engulfed in a cloud of scalding steam.
* * * LOW HITPOINT WARNING * * *
Your body deteriorates!
You feel clumsy. The steam dragon breathes steam at you.
The ball of steam hits you!
* * * LOW HITPOINT WARNING * * *
You hit the steam dragon.
The steam dragon is lightly wounded.
You are engulfed in a cloud of scalding steam.
You die...
Your body crumbles into a pile of gold.

#...# #...# $...... #...#
....... #...# #####........
##### #...# #...........D
#...# #...####.###...... #...#
#....#........... #...#
##'#§###..###.######
#...####.#§@D......(.....#
#####...##...####..##.#.####.#
#.......##.#....#.###.....#
#.#####.##...##.#.# ####### $
#.# #.#######.#.# #.#
###.#.......#.# ##.#
#...........#.#
...#######.##.#..#..
#####..)<#....#..###


You could see a steam dragon.

Vanquished Creatures
  Maggie (D:7)
  Sigmund (D:2)
  A wyvern (D:8)
  Menkaure (D:7)
  A water moccasin (D:2)
  Edmund (D:4)
  2 ice beasts
  2 ogres
  2 black bears
  A phantom (D:6)
  2 kobold brigands (D:7)
  A bullfrog (D:6)
  2 scorpions
  A gnoll bouda (D:5)
  2 hounds
  4 jellies (D:5)
  4 orc priests
  Ijyb (D:4)
  3 iguanas
  Natasha (thrice) (D:4)
  3 orc wizards
  6 gnolls
  8 adders
  A shadow imp (D:4)
  2 white imps (D:6)
  An ufetubus (D:6)
  3 worms
  2 dart slugs
  14 orcs
  11 ball pythons
  13 endoplasms
  8 giant cockroaches
  5 hobgoblins
  2 jackals (D:2)
  19 kobolds
  5 quokkas
  12 bats
  5 frilled lizards
  4 goblins
  3 rats
163 creatures vanquished.

Vanquished Creatures (collateral kills)
  An endoplasm (D:2)
1 creature vanquished.

Vanquished Creatures (others)
  An orc wizard (D:3)
  An endoplasm (D:2)
  2 fungi (D:2)
4 creatures vanquished.

Grand Total: 168 creatures vanquished

Notes
Turn   | Place    | Note
-------+----------+-------------------------------------------
     0 | D:1      | ragingrage the Demonspawn Chaos Knight began the quest for
                  | the Orb.
     0 | D:1      | Reached XP level 1. HP: 18/18 MP: 1/1
    29 | D:1      | XOM: butterfly on damage
    32 | D:1      | Reached skill level 3 in Polearms
   163 | D:1      | XOM: silly message
   327 | D:1      | Gained mutation: You have a small tail. [demonic ancestry]
   327 | D:1      | Reached XP level 2. HP: 15/24 MP: 2/2
   542 | D:1      | Found a faded altar of an unknown god.
   578 | D:1      | XOM: divination: detect items
   723 | D:1      | Found Makefoiv's Armour Shop.
  1072 | D:1      | Gained mutation: You have a tail ending in a sharp stinger.
                  | [demonic ancestry]
  1072 | D:1      | Reached XP level 3. HP: 29/29 MP: 3/3
  1286 | D:2      | Reached skill level 4 in Polearms
  1499 | D:2      | XOM: enchant monster (good)
  1517 | D:2      | Gained mutation: You regenerate a little health from kills.
                  | [demonic ancestry]
  1517 | D:2      | Reached XP level 4. HP: 18/35 MP: 4/4
  1526 | D:2      | XOM: enchant monster (good)
  1936 | D:2      | Noticed Sigmund
  1947 | D:2      | XOM: summons friendly quasit
  1951 | D:2      | Killed Sigmund
  1952 | D:2      | Reached skill level 6 in Polearms
  1952 | D:2      | Gained mutation: You are partially covered in sharp spines.
                  | [demonic ancestry]
  1952 | D:2      | Reached XP level 5. HP: 40/41 MP: 0/5
  2068 | D:2      | Found a runed translucent door.
  2069 | D:2      | Noticed Crazy Yiuf
  2225 | D:2      | Noticed a water moccasin
  2225 | D:2      | a worm changed into a water moccasin
  2225 | D:2      | XOM: polymorph worm -> water moccasin
  2231 | D:2      | Killed a water moccasin
  2232 | D:2      | Gained mutation: You have a sharp stinger which inflicts
                  | weakening toxins. [demonic ancestry]
  2232 | D:2      | Reached XP level 6. HP: 28/47 MP: 0/6
  2379 | D:2      | XOM: god gift: 18 gold pieces
  2416 | D:2      | XOM: cloud trail
  2823 | D:3      | XOM: enchant monster (good)
  2909 | D:3      | Reached skill level 7 in Polearms
  3377 | D:3      | XOM: noise
  3760 | D:3      | Found a shimmering blue altar of Sif Muna.
  3841 | D:4      | Reached XP level 7. HP: 49/52 MP: 1/7
  3925 | D:4      | Found a faded altar of an unknown god.
  3925 | D:4      | Found a faded altar of an unknown god.
  3937 | D:4      | Found a hazy altar of Hepliaklqana.
  4070 | D:4      | Noticed Edmund
  4092 | D:5      | Entered Level 5 of the Dungeon
  4225 | D:5      | Reached skill level 8 in Polearms
  4348 | D:5      | Found a bloodstained altar of Trog.
  4777 | D:5      | XOM: potion effect (brilliance)
  4797 | D:5      | XOM: silly message
  4798 | D:5      | Reached skill level 9 in Polearms
  4798 | D:5      | Gained mutation: You are mostly covered in sharp spines.
                  | [demonic ancestry]
  4798 | D:5      | Reached XP level 8. HP: 44/58 MP: 1/8
  4990 | D:5      | Found a blossoming altar of Fedhas.
  5163 | D:4      | Prayed at the altar of an unknown god.
  5163 | D:4      | Fell from the grace of Xom
  5163 | D:4      | Became a worshipper of Sif Muna the Loreminder
  5163 | D:4      | Reached * piety under Sif Muna
  5330 | D:4      | XOM: give mutations
  5330 | D:4      | Gained mutation: Your spells are a little easier to cast,
                  | but a little less powerful. [Xom's mischief]
  5330 | D:4      | Gained mutation: You occasionally lose the ability to read
                  | scrolls when taking damage. [Xom's mischief]
  5330 | D:4      | Gained mutation: You are occasionally teleported next to
                  | monsters. [Xom's mischief]
  5330 | D:4      | Gained mutation: You occasionally shout uncontrollably at
                  | your foes. [Xom's mischief]
  5342 | D:4      | Noticed Ijyb
  5361 | D:4      | Killed Ijyb
  5415 | D:4      | Noticed Natasha
  5419 | D:4      | Killed Natasha
  5501 | D:4      | Noticed Natasha
  5507 | D:4      | Killed Natasha
  5534 | D:4      | Noticed Natasha
  5543 | D:4      | Killed Natasha
  5767 | D:4      | Killed Edmund
  5837 | D:4      | XOM: give mutations
  5837 | D:4      | Lost mutation: You occasionally lose the ability to read
                  | scrolls when taking damage. [Xom's mischief]
  5837 | D:4      | Gained mutation: You are weak. (Str -2) [Xom's mischief]
  5837 | D:4      | Gained mutation: You occasionally lose the ability to drink
                  | potions when taking damage. [Xom's mischief]
  5837 | D:4      | Gained mutation: You are frail. (-10% HP) [Xom's mischief]
  5873 | D:4      | Reached skill level 10 in Polearms
  5980 | D:4      | Found a staircase to the Ecumenical Temple.
  6037 | D:4      | Fell from the grace of Sif Muna
  6091 | Temple   | Entered the Ecumenical Temple
  6108 | Temple   | Became a worshipper of Gozag Ym Sagoz the Greedy
  6323 | D:6      | XOM: 5-stop teleportation journey
  6531 | D:6      | XOM: stat loss: -3 Int (11/14)
  6886 | D:6      | XOM: give mutations
  6886 | D:6      | Gained mutation: Your body sometimes deteriorates upon
                  | taking damage. [Xom's mischief]
  6886 | D:6      | Lost mutation: Your spells are a little easier to cast, but
                  | a little less powerful. [Xom's mischief]
  6886 | D:6      | Lost mutation: You are weak. (Str -2) [Xom's mischief]
  6928 | D:6      | XOM: give mutations
  6928 | D:6      | Gained mutation: Armour fits poorly on your strangely
                  | shaped body. [Xom's mischief]
  6928 | D:6      | Gained mutation: You are very frail. (-20% HP) [Xom's
                  | mischief]
  6928 | D:6      | Gained mutation: You sometimes lose the ability to drink
                  | potions when taking damage. [Xom's mischief]
  6928 | D:6      | Gained mutation: You are extremely frail. (-30% HP) [Xom's
                  | mischief]
  7192 | D:7      | XOM: scenery: create altars
  7353 | D:7      | Reached skill level 11 in Polearms
  7366 | D:7      | Found a transporter.
  7369 | D:7      | Identified the +7 long sword of Xymem {elec, Int+2 Dex+2}
  7377 | D:7      | Noticed Maggie
  7411 | D:7      | Killed Maggie
  7412 | D:7      | Gained mutation: When seriously injured, your blood forms
                  | armour. (AC +6) [demonic ancestry]
  7412 | D:7      | Reached XP level 9. HP: 26/44 MP: 9/9
  7453 | D:7      | Noticed Menkaure
  7543 | D:7      | Killed Menkaure
  7975 | D:7      | Identified the amulet "Fuquwuh" {Spirit rPois rF++ Stlth-}
  7983 | D:7      | Found a transporter.
  7988 | D:7      | Noticed a toenail golem
  8002 | D:7      | Found a one-way gate to the infinite horrors of the Abyss.
  8002 | D:7      | Noticed SirDiesAlot's ghost (novice OgGl)
  8019 | D:7      | Found a shadowy altar of Dithmenos.
  8046 | D:7      | Found a stormy altar of Qazlal.
  8361 | D:8      | XOM: confusion
  8363 | D:8      | Reached skill level 12 in Polearms
  8368 | D:8      | HP: 1/44 [steam dragon/ball of steam (7)]
  8369 | D:8      | Engulfed by a steam dragon's steam

Illustrated notes

Levels and vault maps discovered:
D:1:      mrwooster_arrival_arrow, layout_basic,
          dreamdust_ecumenical_altar_grove, serial_shops, nicolae_square_shop,
          nicolae_concentric_dashed_squares_wild
D:2:      layout_loops_cross, minmay_bisected, uniq_sigmund,
          uniq_crazy_yiuf_cottage
D:3:      layout_basic, lemuel_blue_sif_altar
D:4:      nicolae_BIG_FREAKIN_CUBE, layout_rooms,
          nicolae_hepliaklqana_ecumenical_no_more, mainiacjoe_overflow_alcove_4,
          temple_statues, grunt_decor_junction,
          hangedman_abyss_or_decor_lesser_grid, uniq_natasha, uniq_edmund,
          uniq_ijyb
D:5:      layout_rooms, fedhas_altar_4, lemuel_coloured_pillars_altar
D:6:      layout_cave_pods
D:7:      layout_basic, amcnicky_altar_gilded, grunt_qazlal_sundering,
          gammafunk_ghost_abyssal_escape, serial_curves, eino_curves_04,
          eino_curves_03, eino_curves_03, uniq_menkaure, uniq_maggie
D:8:      layout_basic
Temple:   hellmonk_temple_two_chambers

Skill      XL: |  1  2  3  4  5  6  7  8  9 |
---------------+----------------------------+-----
Polearms       | 3 4 6 7 9 11 12 | 12.1
Fighting       | |  3.0
Armour         | |  1.7
Dodging        | |  0.8

Action                   |  1- 3 |  4- 6 |  7- 9 || total
-------------------------+-------+-------+-------++-------
Melee: Spear             |   124 |   125 |   221 ||   470
       Tailslap          |    12 |    13 |    23 ||    48
       Punch             |       |       |     5 ||     5
Throw: Dart              |       |       |     7 ||     7
Invok: Renounce Religion |       |       |     1 ||     1
Evoke: Piece from Xom's  |       |     3 |     8 ||    11
       Wand              |       |       |     8 ||     8
  Use: Potion            |       |     2 |       ||     2
       Scroll            |       |       |     3 ||     3
 Stab: Paralysed         |     1 |     2 |     4 ||     7
       Sleeping          |     1 |     2 |       ||     3
       Petrified         |       |     2 |       ||     2
       Confused          |       |     1 |       ||     1
Armor: Leather armour    |    46 |    22 |    23 ||    91
Dodge: Dodged            |    63 |    30 |    33 ||   126

Table legend: (Time is in decaauts)
 A = Elapsed time spent in this place.
 B = Non-inter-level travel time spent in this place.
 C = Inter-level travel time spent in this place.
 D = Time resting spent in this place.
 E = Time spent auto-exploring this place.
 F = Levels seen in this place.
 G = Mean time per level.
                   A        B        C        D        E       F      G
               +--------+--------+--------+--------+--------+-----+--------+
         Total |   8249 |   7874 |    375 |   1059 |   5645 |   9 |  916.6 |
       Dungeon |   8228 |   7857 |    371 |   1059 |   5635 |   8 | 1028.5 |
        Temple |     21 |     18 |      3 |      0 |     10 |   1 |   21.0 |
               +--------+--------+--------+--------+--------+-----+--------+

Top non-repeatable levels by time:
     D:1: 1443 daAuts
     D:2: 1240 daAuts
     D:4: 1174 daAuts
     D:5: 1126 daAuts
     D:3: 1085 daAuts
     D:6: 1029 daAuts
     D:7: 974 daAuts
     D:8: 155 daAuts
  Temple: 21 daAuts
